 Dungeon Crawl Stone Soup version 0.18-a0-1426-g3b9a63c (webtiles) character file.

2297 chei the Covered (level 9, -4/123 HPs)
             Began as a Naga Fighter on Feb 27, 2016.
             Was a Follower of Okawaru.
             Slain by an orc warrior
             ... wielding a +0 scimitar
              (16 damage)
             ... on level 7 of the Dungeon.
             The game lasted 00:16:17 (7940 turns).

chei the Covered (Naga Fighter)                     Turns: 7940, Time: 00:16:17

Health: -4/123     AC: 14    Str: 26    XL:     9   Next: 40%
Magic:  9/10       EV:  8    Int:  9    God:    Okawaru [*.....]
Gold:   233        SH:  9    Dex: 13    Spells: 0 memorised, 8 levels left

rFire  + + .     SeeInvis +     a - +2 long sword (drain)
rCold  x . .     Gourm    .     q - +1 fire dragon armour
rNeg   . . .     Faith    .     c - +0 shield
rPois  +         Spirit   .     n - +0 helmet
rElec  .         Dismiss  .     (no cloak)
rCorr  +         Reflect  .     t - +0 pair of gloves
SustAt .         Harm     .     (no barding)
MR     +....                    (no amulet)
Stlth  ..........               (no ring)
                                h - ring of resist corrosion

@: berserking (expiring), quick, somewhat resistant to hostile enchantments,
extremely unstealthy
A: icy blue scales 1, see invisible, agile 1, deformed body, poison resistance,
slowness 2, slow metabolism 1, spit poison 2, wild magic 1, AC +3
a: Spit Poison, Heroism, Renounce Religion


You were on level 7 of the Dungeon.
You worshipped Okawaru.
Okawaru was aware of your devotion.
You were not hungry.

You visited 2 branches of the dungeon, and saw 8 of its levels.

You collected 233 gold pieces.

Inventory:

Hand Weapons
 a - a +2 long sword of draining (weapon)
Armour
 c - a +0 shield (worn)
 n - a +0 helmet (worn)
 q - a +1 fire dragon armour (worn)
 t - a +0 pair of gloves (worn)
Magical Staves
 b - an uncursed staff of wizardry
Jewellery
 h - a ring of resist corrosion (left hand)
Wands
 g - a wand of iceblast (3/15)
 u - a wand of random effects (15/48)
 v - a wand of slowing (18/48)
Potions
 k - 3 potions of agility
Books
 d - a book of Party Tricks

   Spells                             Type                      Level
   a - Summon Butterflies             Summoning                    1
   b - Apportation                    Translocation                1
   c - Tukima's Dance                 Hexes                        3
   d - Alistair's Intoxication        Transmutation/Poison         5
   e - Invisibility                   Hexes                        6
Comestibles
 f - 3 bread rations
 i - a beef jerky
 j - 5 chunks of flesh
 m - 2 meat rations


   Skills:
 + Level 6.0 Fighting
 * Level 5.1 Long Blades
   Level 1.5 Axes
 + Level 6.6 Armour
 + Level 4.9 Dodging
 - Level 2.4 Shields
 * Level 1.4 Invocations
 - Level 0.4 Evocations


You had 8 spell levels left.
You didn't know any spells.

Dungeon Overview and Level Annotations

Branches:
Dungeon (7/15)             Temple (1/1) D:6

Altars:
Ashenzari
Cheibriados
Dithmenos
Elyvilon
Fedhas
Gozag
Kikubaaqudgha
Makhleb
Nemelex Xobeh
Okawaru
Pakellas
Qazlal
Ru
Sif Muna
Trog
Vehumet
Xom
Yredelemnul
Zin
The Shining One

Annotations:
D:7 Duffy's ghost, novice NaTm


Innate Abilities, Weirdness & Mutations

You cannot wear boots.
Your serpentine skin is tough (AC +3).
You have supernaturally acute eyesight.
Armour fits poorly on your strangely shaped body.
Your system is resistant to poisons.
You cover ground very slowly.
You have a slow metabolism.
You can spit poison.
You are partially covered in icy blue scales (AC +1).
You are agile. (Dex +2)
Your spells are a little harder to cast, but a little more powerful.


Message History

The orc priest is severely wounded.
You block the orc wizard's attack. The orc priest closely misses you.
Unknown command.
You slash the orc priest!
You kill the orc priest!
Okawaru accepts your kill. You block the orc warrior's attack.
The crimson imp lashes its tail.
The crimson imp blinks!
The orc wizard barely misses you.
Unknown command.
You block the orc wizard's attack.
Things that are here:
a hand axe; a giant club; an ogre corpse Unknown command.
You slash the orc wizard! You drain the orc wizard!
You kill the orc wizard!
Okawaru accepts your kill.
The orc wizard hits you but does no damage.
The orc warrior hits you with a scimitar!
You die...

#...............# ##
#.######........#...
#.# #...........#
###.# #....ยง..###.#
.##.#
#.....W!....####
.##.#
######'#o##.....
.##.# #Z#l..#.#
###.# #o#o(...####
#.# #o@)[).....# #
#.#
#########.#.###.#
###'## #....<..O...#
#....# #...........#
#....# #...[.......#
.....# #...........#
.....# #...........#
.....# #...........#
...(.# #...........#


You could see an orc warrior, 3 orc wizards, Duffy's ghost, a giant newt and a
wyvern skeleton.

Vanquished Creatures
  A wyvern (D:6)
  The ghost of OkrshikAutist the Firebug, an amateur DrFE (D:4)
  An orc warrior (D:7)
  A necrophage (D:6)
  An ogre (D:7)
  4 centaurs
  4 giant frogs
  3 scorpions (D:6)
  2 wights (D:7)
  A centaur zombie (D:6)
  2 crimson imps
  A hound (D:5)
  A jelly (D:5)
  5 orc wizards
  4 orc priests
  A giant frog skeleton (D:5)
  Jessica (D:3)
  An iguana (D:5)
  7 worker ants
  A hound skeleton (D:4)
  Robin (D:3)
  4 gnolls
  9 adders
  An ooze (D:1)
  2 adder zombies
  4 worms
  2 giant geckos
  16 orcs
  4 giant cockroaches
  25 goblins
  10 hobgoblins
  11 jackals
  8 kobolds
  2 quokkas
  A ball python (D:3)
  6 bats
  A giant gecko skeleton (D:4)
  6 giant newts
  A quokka skeleton (D:6)
  10 rats
167 creatures vanquished.

Notes
Turn   | Place    | Note
--------------------------------------------------------------
     0 | D:1      | chei the Naga Fighter began the quest for the Orb.
     0 | D:1      | Reached XP level 1. HP: 21/21 MP: 1/1
    59 | D:1      | Reached XP level 2. HP: 22/28 MP: 2/2
   217 | D:1      | Reached XP level 3. HP: 3/34 MP: 3/3
   661 | D:1      | Reached skill level 1 in Axes
  1380 | D:2      | Found a sacrificial altar of Ru.
  1506 | D:2      | Reached XP level 4. HP: 34/43 MP: 4/4
  1769 | D:2      | Reached skill level 1 in Dodging
  2124 | D:3      | Noticed Jessica
  2132 | D:3      | Reached XP level 5. HP: 40/50 MP: 5/5
  2134 | D:3      | Killed Jessica
  2139 | D:3      | Noticed Robin
  2155 | D:3      | Killed Robin
  2423 | D:4      | Noticed OkrshikAutist's ghost (amateur DrFE)
  2882 | D:4      | Found a sparkling altar of Nemelex Xobeh.
  3037 | D:4      | Killed OkrshikAutist's ghost
  3037 | D:4      | Reached XP level 6. HP: 26/57 MP: 6/6
  3464 | D:4      | Found a white marble altar of Elyvilon.
  3544 | D:4      | Reached XP level 7. HP: 52/64 MP: 7/7
  3636 | D:4      | Found a shadowy altar of Dithmenos.
  3659 | D:4      | Found a stormy altar of Qazlal.
  3681 | D:4      | Reached skill level 5 in Armour
  4177 | D:5      | Entered Level 5 of the Dungeon
  4736 | D:5      | Found an ancient bone altar of Kikubaaqudgha.
  4736 | D:5      | Found a blossoming altar of Fedhas.
  4840 | D:5      | Reached XP level 8. HP: 49/73 MP: 8/8
  5141 | D:6      | Reached skill level 5 in Fighting
  5175 | D:6      | Found a staircase to the Ecumenical Temple.
  5219 | Temple   | Entered the Ecumenical Temple
  5389 | Temple   | Became a worshipper of Warmaster Okawaru
  6145 | D:7      | Gained mutation: You are agile. (Dex +2) [potion of mutation]
  6145 | D:7      | Gained mutation: You are partially covered in icy blue scales (AC +1). [potion of mutation]
  6145 | D:7      | Gained mutation: Your spells are a little harder to cast, but a little more powerful. [potion of mutation]
  6146 | D:7      | HP: 5/112 [orc warrior/flail of holy wrath (5)]
  6158 | D:7      | Noticed a wyvern
  6450 | D:6      | Killed a wyvern
  6450 | D:6      | Reached * piety under Okawaru
  6450 | D:6      | Reached XP level 9. HP: 38/82 MP: 9/9
  6970 | D:7      | Noticed Duffy's ghost (novice NaTm)
  7539 | D:7      | Found an opulent altar of Gozag.
  7542 | D:7      | Found a basalt altar of Yredelemnul.
  7545 | D:7      | Found an oddly glowing altar of Pakellas.
  7548 | D:7      | Found a shattered altar of Ashenzari.
  7686 | D:7      | Reached skill level 5 in Long Blades
  7847 | D:7      | Reached skill level 1 in Invocations
  7940 | D:7      | Slain by an orc warrior

Vault maps used:
D:1:      saegor_arrival_simple_b, grunt_decor_resistance, st_stairs_14
D:2:      first_bread, nicolae_ru_path_of_blood
D:3:      uniq_robin, uniq_jessica
D:4:      nicolae_overflow_hidden_temple, kennysheep_crisscross
D:5:      grunt_temple_overflow_growth_and_decay, kennysheep_generic_room_15
D:6:      temple_doors_b
D:7:      nicolae_whirlpool, grunt_temple_overflow_cloverleaf, serial_shops,
          nicolae_shop_stone
Temple:   roderic_octagonal_lattice_temple

Skill      XL: |  1  2  3  4  5  6  7  8  9 |
---------------+----------------------------+-----
Axes           | 1 |  1.5
Armour         | 3 4 5 6 |  6.6
Dodging        | 1 2 3 4 |  4.9
Fighting       | 4 5 6 |  6.0
Long Blades    | 3 4 5 |  5.1
Invocations    | 1 |  1.4
Shields        | |  2.4
Evocations     | |  0.4

Action                   |  1- 3 |  4- 6 |  7- 9 || total
-------------------------+-------+-------+-------++-------
Melee: Hand axe          |    87 |    97 |       ||   184
       Long sword        |     5 |   104 |   349 ||   458
 Abil: Spit Poison       |     1 |     1 |     5 ||     7
Evoke: Wand              |       |       |    10 ||    10
  Use: Scroll            |       |     2 |     9 ||    11
       Potion            |       |     2 |    10 ||    12
 Stab: Invisible         |       |       |     2 ||     2
  Eat: Chunk             |       |     6 |     9 ||    15
       Beef jerky        |       |       |     2 ||     2
       Royal jelly       |       |       |     1 ||     1
